 Dungeon Crawl Stone Soup version 0.29.1-2-gbd0b4ee654 (webtiles) character file.

Game seed: 11676223536019900279

84 kingsuperguy the Chopper (level 4, 0/41 HPs)
             Began as a Hill Orc Monk on Nov 18, 2022.
             Slain by an ice beast (5 damage)
             ... on level 3 of the Dungeon.
             The game lasted 00:03:04 (2568 turns).

kingsuperguy the Chopper (Hill Orc Monk)            Turns: 2568, Time: 00:03:04

Health: 0/41       AC:  3    Str: 15    XL:     4   Next: 45%
Magic:  4/4        EV: 12    Int: 10    God:
Gold:   181        SH:  0    Dex: 13    Spells: 3/3 levels left

rFire   . . .      SeeInvis .   a - +0 hand axe
rCold   . . .      Faith    .   (no shield)
rNeg    . . .      Spirit   .   b - +0 robe
rPois   .          Reflect  .   r - +0 helmet
rElec   .          Harm     .   (no cloak)
rCorr   .          Rampage  .   (no gloves)
Will    .....                   (no boots)
Stlth   ++........              (no amulet)
HPRegen 0.13/turn               (no ring)
MPRegen 0.09/turn               (no ring)

@: no status effects
A: no striking features
a: no special abilities


You were on level 3 of the Dungeon.
You visited 1 branch of the dungeon, and saw 4 of its levels.

You collected 181 gold pieces.

Inventory:

Hand Weapons
 a - a +0 hand axe (weapon)
Missiles
 j - 3 poisoned darts (quivered)
Armour
 b - a +0 robe (worn)
 r - a +0 helmet (worn)
Jewellery
 e - a ring of fire
 g - a ring of ice
Scrolls
 d - a scroll of poison {unknown}
 f - 2 scrolls of fog {unknown}
 h - a scroll of blinking {unknown}
 k - a scroll of identify {unknown}
 m - a scroll of enchant armour {unknown}
 n - 3 scrolls of enchant weapon {unknown}
 p - 2 scrolls of teleportation {unknown}
 q - 2 scrolls of magic mapping {unknown}
 s - a scroll of summoning {unknown}
 u - a scroll of silence {unknown}
Potions
 i - a potion of mutation {unknown}
 l - 3 potions of heal wounds {unknown}
 o - 2 potions of curing {unknown}
 t - a potion of attraction {unknown}


   Skills:
 + Level 4.5 Fighting
 + Level 5.1 Axes
 + Level 2.9 Dodging
 + Level 2.0 Stealth


You had 3 spell levels left.
You didn't know any spells.
Your spell library contained the following spells:

 Spells                   Type           Power      Damage    Failure   Level
 Apportation              Tloc           0%         N/A       36%         1
 Ignite Poison            Fire/Tmut/Pois 0%         N/A       75%         3
 Mephitic Cloud           Conj/Pois/Air  0%         N/A       75%         3
 Alistair's Intoxication  Tmut/Pois      0%         N/A       100%        5
 Freezing Cloud           Conj/Ice/Air   0%         6-21      100%        5


Dungeon Overview and Level Annotations

Branches:
Dungeon (4/15)
 Temple: D:4-7

Altars:

Shops:
D:2 *

Annotations:
D:2 1 runed translucent door, Crazy Yiuf
D:4 Blork the orc


Message History

There is a stone staircase leading down here.
You are confused.
You feel invigorated.
The ice beast hits you but does no damage.
You miss the ice beast. The ice beast misses you.
You hit the ice beast.
The ice beast is lightly wounded.
You feel less invigorated.
You feel less confused. The ice beast hits you. The ice beast freezes you!
You hit the ice beast.
The ice beast is moderately wounded.
The ice beast closely misses you.
You hit the ice beast.
The ice beast is heavily wounded.
The ice beast hits you but does no damage.
You hit the ice beast.
The ice beast is heavily wounded.
The ice beast completely misses you.
You closely miss the ice beast.
The ice beast is heavily wounded.
The ice beast barely misses you.
You hit the ice beast.
The ice beast is severely wounded.
The ice beast closely misses you.
You hit the ice beast but do no damage.
The ice beast is severely wounded.
The ice beast hits you but does no damage.
You barely miss the ice beast.
The ice beast is severely wounded.
The ice beast hits you. The ice beast freezes you!
* * * LOW HITPOINT WARNING * * *
Okay, then.
Okay, then.
You closely miss the ice beast.
The ice beast is severely wounded.
The ice beast hits you.
* * * LOW HITPOINT WARNING * * *
The ice beast freezes you.
You die...

##### ### ### #...
... .... .... ###
..##.. ... ....#
.############ #..#
....Y........
#..##########.....
#@....<...........
##Y....#####......
####### ##.#.##
#.#.# #...##
##...# ###..#
#..... ###.###.


You could see an ice beast.

Vanquished Creatures
  Jessica (D:2)
  2 adders
  2 dart slugs (D:2)
  5 endoplasms
  2 giant cockroaches (D:2)
  3 goblins
  4 hobgoblins
  5 ball pythons
  3 bats
  A frilled lizard (D:1)
  4 kobolds
  4 rats
36 creatures vanquished.

Notes
Turn   | Place    | Note
-------+----------+-------------------------------------------
     0 | D:1      | kingsuperguy the Hill Orc Monk began the quest for the Orb.
     0 | D:1      | Reached XP level 1. HP: 19/19 MP: 1/1
    95 | D:1      | Found a faded altar of an unknown god.
   658 | D:1      | Reached XP level 2. HP: 18/27 MP: 2/2
   786 | D:2      | Found Hexuuwneih's Assorted Antiques.
   787 | D:2      | Noticed Jessica
   797 | D:2      | Killed Jessica
   798 | D:2      | Reached XP level 3. HP: 18/33 MP: 3/3
  1457 | D:2      | Reached XP level 4. HP: 41/41 MP: 4/4
  1496 | D:2      | Reached skill level 5 in Axes
  2059 | D:2      | Found a runed translucent door.
  2060 | D:2      | Noticed Crazy Yiuf
  2528 | D:3      | Noticed an ice beast
  2550 | D:4      | Noticed Blork the orc
  2568 | D:3      | Slain by an ice beast

Illustrated notes

Levels and vault maps discovered:
D:1:      matt_arrival_spirals, layout_basic,
          hellmonk_ecumenical_altar_heavens_door
D:2:      layout_basic, serial_shops, shop_statue, uniq_crazy_yiuf_cottage,
          uniq_jessica
D:3:      layout_basic, grunt_temple_overflow_open, uniq_grinder
D:4:      layout_rooms, uniq_robin, uniq_blork_the_orc, uniq_natasha

Skill      XL: |  1  2  3  4 |
---------------+-------------+-----
Fighting       | 4 |  4.5
Axes           | 5 |  5.1
Stealth        | 2 |  2.0
Dodging        | |  2.9

Action                   |  1- 3 |  4- 6 || total
-------------------------+-------+-------++-------
Melee: Hand axe          |    55 |    43 ||    98
       Punch             |     1 |       ||     1
  Use: Potion            |       |     1 ||     1
 Stab: Sleeping          |     2 |     3 ||     5
Armor: Robe              |     9 |    10 ||    19
Dodge: Dodged            |    41 |    26 ||    67
